 Dungeon Crawl Stone Soup version 0.29.1-15-g9cfb28693d (webtiles) character file.

Game seed: 16276791000542951947

33 101zpm the Magician (level 3, -3/25 HPs)
             Began as a Djinni Fire Elementalist on Mar 16, 2023.
             Slain by a goblin
             ... wielding a +0 club
             ... led by Robin
              (4 damage)
             ... on level 2 of the Dungeon.
             The game lasted 00:05:20 (1716 turns).

101zpm the Magician (Djinni Fire Elementalist)      Turns: 1716, Time: 00:05:21

Health: -3/25      AC:  2    Str:  7    XL:     3   Next: 47%
Gold:   58         EV: 12    Int: 18    God:
                   SH:  0    Dex: 13

rFire   + + .      SeeInvis .   (no weapon)
rCold   x . .      Faith    .   (no shield)
rNeg    . . .      Spirit   .   a - +0 robe
rPois   ∞          Reflect  .   (no helmet)
rElec   .          Harm     .   (no cloak)
rCorr   .          Rampage  .   (no gloves)
Will    .....                   (boots unavailable)
Stlth   ++........              (no amulet)
HPRegen 0.08/turn               e - ring of wizardry
MPRegen 0.00/turn               (no ring)

@: flying
A: sickness immunity, fire resistance 2, cold vulnerability 1, float, innate
caster, HP casting, extra vitality 1
a: no special abilities


You were on level 2 of the Dungeon.
You visited 1 branch of the dungeon, and saw 3 of its levels.

You collected 58 gold pieces.

Inventory:

Armour
 a - a +0 robe (worn)
Jewellery
 e - a ring of wizardry (left hand)
Scrolls
 c - 2 scrolls of identify
 f - a scroll of blinking
Potions
 b - a potion of berserk rage {unknown}
 d - 2 potions of attraction {unknown}


   Skills:
 + Level 2.3 Dodging
 + Level 1.7 Stealth
 + Level 3.2 Spellcasting


You couldn't memorise any spells.
You knew the following spells:

 Your Spells              Type           Power      Damage    Failure   Level
a - Foxfire               Conj/Fire      56%        2x1d6     1%          1
b - Scorch                Fire           28%        2d6       2%          2
c - Conjure Flame         Conj/Fire      14%        6-21      5%          3
d - Inner Flame           Hex/Fire       14%        N/A       5%          3
e - Flame Wave            Conj/Fire      14%        2d6       16%         4
f - Slow                  Hex            56%        N/A       1%          1
Your spell library was empty.

Dungeon Overview and Level Annotations

Branches:
Dungeon (3/15)

Altars:

Annotations:
D:3 Robin


Innate Abilities, Weirdness & Mutations

You are immune to sickness and miasma.
You are immune to poison.
Your flesh is very heat resistant. (rF++)
You are vulnerable to cold. (rC-)
You float through the air rather than walking.
You learn spells naturally, not from books.
Your magical power is your life essence.
You have superior vitality. (+4 MHP)


Message History

Casting: Foxfire (safe; 1% risk of failure)
Confirm with . or Enter, or press ? or * to list all spells.
Okay, then.
The goblin misses you. The goblin hits you with a +0 club.
The goblin hits you but does no damage. The hobgoblin closely misses you.
The goblin hits you with a +0 club. The goblin barely misses you.
The goblin hits you with a +0 dagger.
You fly upwards.
There is a stone staircase leading down here.
Casting: Foxfire (safe; 1% risk of failure)
Confirm with . or Enter, or press ? or * to list all spells.
Flames lash the goblin.
You kill the goblin!
The goblin barely misses you. The goblin hits you but does no damage.
The goblin misses you. The goblin barely misses you.
Casting: Scorch (safe; 2% risk of failure)
Confirm with . or Enter, or press ? or * to list all spells.
Flames lash the goblin.
You kill the goblin!
The goblin barely misses you. The hobgoblin closely misses you.
The goblin barely misses you. The goblin hits you with a +0 club.
Casting: Scorch (safe; 2% risk of failure)
Confirm with . or Enter, or press ? or * to list all spells.
Flames lash the goblin.
The goblin is severely wounded.
The goblin's fire resistance burns away.
* * * LOW HITPOINT WARNING * * *
The goblin closely misses you. The hobgoblin hits you.
* * * LOW HITPOINT WARNING * * *
The goblin hits you with a +0 club.
* * * LOW HITPOINT WARNING * * *
The goblin barely misses you. The goblin hits you but does no damage.
As you read the scroll labelled SOTAFE DUAH, it crumbles to dust.
It is a scroll of identify.
f - a scroll of blinking The goblin hits you but does no damage.
The hobgoblin misses you. The goblin closely misses you.
The goblin hits you with a +0 club.
* * * LOW HITPOINT WARNING * * *
The goblin hits you with a +0 club.
You die...

##### #...# #...# #...#
#######gg.#
###..[..g@).#######
###...#####gg.......#
######...#####.....#######
....).....#....#...#
............####...#
####.#####...###.### #..#
###...<..### ##### ##.#
####.....########...# #.#
#...###...[..)##...#


You could see a hobgoblin and 4 goblins.

Vanquished Creatures
  2 dart slugs (D:1)
  An orc (D:2)
  An endoplasm (D:2)
  4 goblins
  4 hobgoblins (D:2)
  3 kobolds
  2 quokkas (D:2)
  4 ball pythons
  2 frilled lizards (D:2)
  A rat (D:2)
24 creatures vanquished.

Vanquished Creatures (others)
  79 foxfires
  2 plants (D:2)
81 creatures vanquished.

Grand Total: 105 creatures vanquished

Notes
Turn   | Place    | Note
-------+----------+-------------------------------------------
     0 | D:1      | 101zpm the Djinni Fire Elementalist began the quest for the
                  | Orb.
     0 | D:1      | 101zpm set off with the following spells memorised:
                  | Foxfire, Scorch, Conjure Flame, Inner Flame, Flame Wave.
     0 | D:1      | Reached XP level 1. HP: 15/15 MP: 0/0
   258 | D:1      | Reached XP level 2. HP: 18/21 MP: 0/0
   389 | D:3      | Noticed Robin
   528 | D:2      | Reached skill level 3 in Spellcasting
   754 | D:2      | Reached XP level 3. HP: 17/25 MP: 0/0
   754 | D:2      | Learned a level 1 spell: Slow
  1472 | D:2      | Found a faded altar of an unknown god.
  1716 | D:2      | HP: 1/25 [goblin/+0 club[Robin] (1)]
  1716 | D:2      | Slain by a goblin

Illustrated notes

Levels and vault maps discovered:
D:1:      wander_arrival_chamber, layout_basic
D:2:      layout_rooms, dilly_ecumenical_altar_fadedgnrine
D:3:      layout_basic, st_stairs_4, minmay_statues_item, nicolae_wormholes,
          uniq_jessica, uniq_robin, uniq_grinder

Skill      XL: |  1  2 |
---------------+-------+-----
Spellcasting   | 3 |  3.2
Dodging        | |  2.3
Stealth        | |  1.7

Action                   || total
-------------------------++-------
 Cast: Foxfire           ||    47
       Scorch            ||    10
       Inner Flame       ||     5
  Use: Scroll            ||     1
Armor: Robe              ||     6
Dodge: Dodged            ||    20
